 Dungeon Crawl Stone Soup version 0.25-a0-869-g05d4e06a41 (webtiles) character file.

Game seed: 8210051427181434017, levelgen mode: deterministic

233 mopedfahrer the Magician (level 5, -1/28 HPs)
             Began as a Deep Elf Necromancer on May 1, 2020.
             Slain by Pikel
             ... wielding a +2 whip of freezing
              (5 damage)
             ... on level 4 of the Dungeon.
             The game lasted 00:22:59 (3543 turns).

mopedfahrer the Magician (Deep Elf Necromancer)     Turns: 3543, Time: 00:23:00

Health: -1/28      AC:  3    Str:  9    XL:     5   Next: 74%
Magic:  0/15       EV: 14    Int: 21    God:
Gold:   207        SH:  0    Dex: 15    Spells: 7/16 levels left

rFire    . . .     SeeInvis .   (no weapon)
rCold    . . .     Gourm    .   (no shield)
rNeg     . . .     Faith    .   a - +0 robe
rPois    .         Spirit   .   (no helmet)
rElec    .         Reflect  .   (no cloak)
rCorr    .         Harm     .   e - +0 pair of gloves
MR       .....                  (no boots)
Stlth    ++........             (no amulet)
HPRegen  0.09/turn              l - ring of flight
MPRegen  0.14/turn              j - +4 ring of strength

@: no status effects
A: no striking features
a: Evoke Flight


You were on level 4 of the Dungeon.
You were not hungry.

You visited 1 branch of the dungeon, and saw 4 of its levels.

You collected 207 gold pieces.

Inventory:

Armour
 a - a +0 robe (worn)
 e - a +0 pair of gloves (worn)
Jewellery
 i - an uncursed ring of protection from cold
 j - a +4 ring of strength (right hand)
 l - a ring of flight (left hand)
Wands
 c - a wand of flame (24)
 n - a wand of acid (2)
 r - a wand of digging (5)
Scrolls
 b - a scroll of blinking
 h - a scroll of remove curse
 m - 2 scrolls of enchant armour {unknown}
 o - 6 scrolls of identify
 p - a scroll of teleportation {unknown}
 q - a scroll of noise {unknown}
Potions
 d - a potion of ambrosia
 f - 2 potions of flight {unknown}
 g - a potion of haste {unknown}
 s - a potion of stabbing {unknown}
Comestibles
 k - 5 rations


   Skills:
 + Level 4.1 Dodging
 - Level 2.4 Stealth
 * Level 6.2 Spellcasting
 + Level 5.9 Necromancy


You had 7 spell levels left.
You knew the following spells:

 Your Spells              Type           Power        Failure   Level  Hunger
a - Pain                  Necr           ####         1%          1    None
b - Animate Skeleton      Necr           N/A          1%          1    None
c - Vampiric Draining     Necr           ####......   2%          3    #......
d - Animate Dead          Necr           N/A          9%          4    ###....

Your spell library contained the following spells:

 Spells                   Type           Power        Failure   Level  Hunger
 Agony                    Necr           ####....     22%         5    #####..


Dungeon Overview and Level Annotations

Branches:
Dungeon (4/15)             Temple (0/1) D:4

Altars:
Fedhas
Gozag
Hepliaklqana
Qazlal
Ru
Wu Jian
Zin

Annotations:
D:3 3 runed translucent doors, lis82's ghost, amateur DEWz
D:4 Pikel


Message History

Your orc wizard zombie is destroyed!
Casting: Pain (safe; 1% risk of failure)
Confirm with . or Enter, or press ? or * to list all spells.
Aiming: Pain (safe; 1% risk of failure)
Press: ? - help, Shift-Dir - straight line, f/p - Pikel
Aim: Pikel, wielding a +2 whip of freezing and wearing a +2 robe of fire resistance (lightly wounded, chance to defeat MR: 84%) Pikel writhes in agony.
Pikel hits you with a +2 whip of freezing.
Pikel freezes you.
You closely miss Pikel.
Pikel is lightly wounded.
Pikel barely misses you. The slave completely misses you. The slave hits you.
You hit Pikel but do no damage.
Pikel is lightly wounded.
Pikel closely misses you. The slave barely misses you. The slave hits you!
* * * LOW HITPOINT WARNING * * *
You hit Pikel.
Pikel is lightly wounded.
Pikel hits you with a +2 whip of freezing.
You die...

#.###+#
#..........$..###)##..#
#.............#........
#.............#...)....
#.............#........
#.............#........
#.............#........
#....p........#........
#....p@.......#Z.......
#...ZKp.......#'#######
#....p######..........#
#.....# #..........#
#.....# #..........#
#...).# #..........#
#.....# #..........'
#.....# #..........#
#.....# ####+#>.....


You could see Pikel, 4 slaves and a centaur skeleton.

Vanquished Creatures
  A hound (D:4)
  An orc wizard (D:4)
  A worker ant (D:4)
  Jessica (D:2)
  Terence (D:2)
  2 adders
  2 oozes (D:1)
  2 worms (D:3)
  3 leopard geckos
  4 orcs (D:4)
  7 bats
  A giant cockroach (D:2)
  7 goblins
  8 hobgoblins
  A quokka (D:2)
  A ball python (D:1)
  5 frilled lizards
  9 kobolds
  A leopard gecko skeleton (D:4)
  3 rats
61 creatures vanquished.

Vanquished Creatures (collateral kills)
  A dart slug (D:2)
  A rat (D:2)
2 creatures vanquished.

Grand Total: 63 creatures vanquished

Notes
Turn   | Place    | Note
-------+----------+-------------------------------------------
     0 | D:1      | mopedfahrer the Deep Elf Necromancer began the quest for
                  | the Orb.
     0 | D:1      | Reached XP level 1. HP: 10/10 MP: 6/6
   260 | D:1      | Reached skill level 5 in Necromancy
   260 | D:1      | Reached XP level 2. HP: 10/15 MP: 3/8
   516 | D:1      | Learned a level 1 spell: Animate Skeleton
   961 | D:1      | Reached skill level 4 in Spellcasting
  1063 | D:1      | Reached XP level 3. HP: 15/19 MP: 6/10
  1466 | D:2      | Noticed Jessica
  1523 | D:2      | Killed Jessica
  1774 | D:2      | Found a sacrificial altar of Ru.
  1842 | D:2      | Noticed Terence
  1859 | D:2      | Killed Terence
  1859 | D:2      | Reached skill level 5 in Spellcasting
  1859 | D:2      | Reached XP level 4. HP: 5/24 MP: 4/13
  2146 | D:2      | Found a hazy altar of Hepliaklqana.
  2164 | D:2      | Learned a level 3 spell: Vampiric Draining
  2258 | D:2      | Found an opulent altar of Gozag.
  2662 | D:3      | Found a runed translucent gate.
  2662 | D:3      | Found a runed translucent gate.
  2662 | D:3      | Found a runed translucent gate.
  2665 | D:3      | Noticed lis82's ghost (amateur DEWz)
  2666 | D:3      | Identified the +8 whip of Dissent {chaos, rPois}
  2691 | D:3      | Found a stormy altar of Qazlal.
  3051 | D:3      | Found a blossoming altar of Fedhas.
  3264 | D:4      | Reached XP level 5. HP: 23/28 MP: 8/15
  3273 | D:4      | Learned a level 4 spell: Animate Dead
  3369 | D:4      | Found an ornate altar of the Wu Jian Council.
  3399 | D:4      | Found a staircase to the Ecumenical Temple.
  3435 | D:4      | Found a glowing silver altar of Zin.
  3506 | D:4      | Reached skill level 6 in Spellcasting
  3531 | D:4      | Noticed Pikel
  3531 | D:4      | Noticed a slave
  3532 | D:4      | Noticed a slave
  3532 | D:4      | Noticed a slave
  3534 | D:4      | Noticed a slave
  3543 | D:4      | Slain by Pikel

Levels and vault maps discovered:
D:1:      dpeg_arrival_short_road, layout_basic
D:2:      layout_basic, old_standard_altar, grunt_gozag_breadcrumbs,
          nicolae_ru_the_path_less_chosen, uniq_terence, uniq_jessica
D:3:      layout_basic, fedhas_altar_fruit_tree, lemuel_doored_altar,
          gammafunk_ghost_nasty_kobolds
D:4:      layout_gridville, nicolae_tso_carved_into_rock, lemuel_crystal_altar,
          overflow_temple_1_default, kennysheep_mini_moat,
          minmay_temple_entry_poolview, kennysheep_generic_room_9, uniq_pikel

Skill      XL: |  1  2  3  4  5 |
---------------+----------------+-----
Necromancy     | 5 |  5.9
Spellcasting   | 4 5 6 |  6.2
Dodging        | 3 4 |  4.1
Stealth        | |  2.4

Action                   |  1- 3 |  4- 6 || total
-------------------------+-------+-------++-------
Melee: Unarmed           |       |    12 ||    12
 Cast: Pain              |    49 |    59 ||   108
       Animate Skeleton  |     4 |     4 ||     8
       Vampiric Draining |       |     6 ||     6
       Animate Dead      |       |     3 ||     3
  Use: Scroll            |     7 |       ||     7
  Eat: Ration            |     1 |     1 ||     2
       Chunk             |       |     3 ||     3
Armor: Robe              |     3 |     1 ||     4
Dodge: Dodged            |    11 |    28 ||    39

Table legend:
 A = Non-vault XP
 B = Vault XP
 C = Vault XP percentage of total XP
 D = Non-vault monster count
 E = Vault monster count
 F = Vault count percentage of total count
                 A         B        C        D         E       F
            +---------+---------+-------+---------+---------+-------
      Total |     260 |      73 |  21.9 |      61 |       2 |   3.2
            +---------+---------+-------+---------+---------+-------
        D:1 |      51 |       0 |   0.0 |      24 |       0 |   0.0
        D:2 |      45 |      73 |  61.9 |      19 |       2 |   9.5
        D:3 |      22 |       0 |   0.0 |       9 |       0 |   0.0
        D:4 |     142 |       0 |   0.0 |       9 |       0 |   0.0
            +---------+---------+-------+---------+---------+-------
